ESL (28 & UNDER)
WILMINGTON REBELS @ NEWARK BULLDOGS
09/03/2028
 
TOP OF THE 1ST
Wilmington Rebels batting - Pitching for Newark Bulldogs : LHP Pedro Orozco
Pitching: LHP Pedro Orozco
Batting: LHB Seth Sullivan 0-0: Ball
1-0: Ball
2-0: Ball
3-0: Called Strike
3-1: SINGLE (Groundball, 34S) (infield hit)
Batting: RHB Marlon Hernández 0-0: Ball
1-0: Swinging Strike
1-1: Ball
2-1: SINGLE (Flyball, 8RS)
Seth Sullivan to second
Runner from 2nd tries for 3rd, OUT after rundown.
Batting: RHB Remi Eruzione 0-0: Ball
1-0: Ball
2-0: Called Strike
2-1: Foul Ball, location: 2F
2-2: TRIPLE (Flyball, 9LM)
Marlon Hernández scores
Batting: LHB Juan Vásquez 0-0: Fly out, F8 (Flyball, 8LM)
Runner from 3rd tags up, SCORES, no throw
Batting: RHB Sergio Moreno 0-0: Ball
1-0: Foul Ball, location: 2F
1-1: Called Strike
1-2: SOLO HOME RUN (Flyball, 7D), Distance : 355 ft
Batting: RHB Alex Whitehead 0-0: Called Strike
0-1: Swinging Strike
0-2: Ball
1-2: DOUBLE (Flyball, 78M)
Batting: LHB Guillermo Santos 0-0: Called Strike
0-1: Ground out 4-3 (Groundball, 4)
Top of the 1st over - 3 run(s), 5 hit(s), 0 error(s), 1 left on base; Wilmington 3 - Newark 0
BOTTOM OF THE 1ST
Newark Bulldogs batting - Pitching for Wilmington Rebels : LHP Nathan Armstrong
Pitching: LHP Nathan Armstrong
Batting: RHB Wilson Flores 0-0: Ball
1-0: Called Strike
1-1: Foul Ball, location: 2F
1-2: Ball
2-2: Strikes out swinging
Batting: RHB Larry Booth 0-0: Called Strike
0-1: Ball
1-1: Ball
2-1: Foul Ball, location: 2F
2-2: Ball
3-2: Ground out 5-3 (Groundball, 5S)
Batting: LHB Owen Moreno 0-0: Ball
1-0: Called Strike
1-1: Swinging Strike
1-2: Foul Ball, location: 2F
1-2: Ball
2-2: Strikes out swinging, 2-3 out at first.
Bottom of the 1st over - 0 run(s), 0 hit(s), 0 error(s), 0 left on base; Wilmington 3 - Newark 0
TOP OF THE 2ND
Wilmington Rebels batting - Pitching for Newark Bulldogs : LHP Pedro Orozco
Batting: RHB Anastasio Movonda 0-0: Ball
1-0: Swinging Strike
1-1: Ball
2-1: SINGLE (Groundball, 4MD)
Batting: LHB Miguel Medellín 0-0: Ball
1-0: Ball
2-0: Ball
3-0: Called Strike
3-1: Fielders Choice at 2nd, 1-6 (Groundball, 13S)
Batting: LHB Seth Sullivan 0-0: Ball
Miguel Medellín is caught stealing 2nd base
1-0: Ground out 6-3 (Groundball, 6)
Top of the 2nd over - 0 run(s), 1 hit(s), 0 error(s), 0 left on base; Wilmington 3 - Newark 0
BOTTOM OF THE 2ND
Newark Bulldogs batting - Pitching for Wilmington Rebels : LHP Nathan Armstrong
Batting: LHB Wes Thompson 0-0: Ball
1-0: Called Strike
1-1: Single, Error in OF, E7, batter to second base
Batting: RHB Michael Skinner 0-0: Called Strike
0-1: Ball
1-1: Ball
2-1: Ball
3-1: Called Strike
3-2: Base on Balls
Batting: LHB Marvin Morris 0-0: Foul Ball, location: 2F
0-1: Called Strike
0-2: Ball
1-2: Foul Ball, location: 2F
1-2: Strikes out swinging
Batting: RHB Norris Howard 0-0: Ball
1-0: Ball
2-0: Called Strike
2-1: Called Strike
2-2: Foul Ball, location: 2F
2-2: Ball
3-2: Fly out, F5 (Line Drive, 5)
Batting: RHB Emílio Salas 0-0: Ball
1-0: Ball
2-0: Ball
3-0: Base on Balls
Wes Thompson to third
Michael Skinner to second
Batting: RHB Joe Baker 0-0: Ball
1-0: Fly out, F4 (Line Drive, 4)
Bottom of the 2nd over - 0 run(s), 1 hit(s), 1 error(s), 3 left on base; Wilmington 3 - Newark 0
TOP OF THE 3RD
Wilmington Rebels batting - Pitching for Newark Bulldogs : LHP Pedro Orozco
Batting: RHB Marlon Hernández 0-0: SOLO HOME RUN (Flyball, 89XD), Distance : 397 ft
Batting: RHB Remi Eruzione 0-0: Ball
1-0: Foul Ball, location: 2F
1-1: Foul Ball, location: 2F
1-2: Strikes out swinging
Batting: LHB Juan Vásquez 0-0: SINGLE (Line Drive, 4D)
Batting: RHB Sergio Moreno 0-0: Ball
1-0: Ball
2-0: Ball
Wild Pitch!
Juan Vásquez to second
3-0: Called Strike
3-1: Base on Balls
Batting: RHB Alex Whitehead 0-0: Ball
1-0: Foul Ball, location: 2F
1-1: 3-RUN HOME RUN (Line Drive, 7LD), Distance : 321 ft
Pitching: RHP Jim Cook
Batting: LHB Guillermo Santos 0-0: Ball
1-0: Ground out 1-3 (Groundball, 13S)
Batting: RHB Anastasio Movonda 0-0: Foul Ball, location: 2F
0-1: Foul Ball, location: 2F
0-2: Ball
1-2: Strikes out swinging
Top of the 3rd over - 4 run(s), 3 hit(s), 0 error(s), 0 left on base; Wilmington 7 - Newark 0
BOTTOM OF THE 3RD
Newark Bulldogs batting - Pitching for Wilmington Rebels : LHP Nathan Armstrong
Batting: RHB Wilson Flores 0-0: Ball
1-0: Ball
2-0: DOUBLE (Line Drive, 78D)
Batting: RHB Larry Booth 0-0: Ball
1-0: Ball
2-0: Called Strike
2-1: Called Strike
2-2: Ball
3-2: 2-RUN HOME RUN (Flyball, 7D), Distance : 374 ft
Batting: LHB Owen Moreno 0-0: SINGLE (Groundball, 5S) (infield hit)
Batting: LHB Wes Thompson 0-0: Ball
1-0: Ball
2-0: Fly out, F3 (Line Drive, 3L)
Batting: RHB Michael Skinner 0-0: Called Strike
0-1: Called Strike
0-2: SINGLE (Flyball, 8LS)
Owen Moreno to second
Owen Moreno to third
Batting: LHB Marvin Morris 0-0: Called Strike
0-1: Grounds into double play, 4-6-3 (Groundball, 4)
Bottom of the 3rd over - 2 run(s), 4 hit(s), 0 error(s), 1 left on base; Wilmington 7 - Newark 2
TOP OF THE 4TH
Wilmington Rebels batting - Pitching for Newark Bulldogs : RHP Jim Cook
Batting: LHB Miguel Medellín 0-0: Ball
1-0: Ball
2-0: Ball
3-0: Base on Balls
Batting: LHB Seth Sullivan 0-0: Ball
1-0: Ball
2-0: Ball
3-0: Called Strike
3-1: Base on Balls
Miguel Medellín to second
Batting: RHB Marlon Hernández 0-0: SINGLE (Groundball, 34D)
Miguel Medellín to third
Seth Sullivan to second
Batting: RHB Remi Eruzione 0-0: Swinging Strike
0-1: Ball
1-1: Swinging Strike
1-2: Strikes out swinging
Batting: LHB Juan Vásquez 0-0: Foul Ball, location: 2F
0-1: Foul Ball, location: 2F
0-2: Foul Ball, location: 2F
0-2: Ball
1-2: Ball
2-2: Ball
3-2: Strikes out swinging
Batting: RHB Sergio Moreno 0-0: Ball
Wild Pitch!
Miguel Medellín scores
Seth Sullivan to third
Marlon Hernández to second
Balk!
Seth Sullivan scores
Marlon Hernández to third
1-0: SINGLE (Flyball, 8LS)
Marlon Hernández scores
Pitching: RHP José Gonzáles
Batting: RHB Alex Whitehead 0-0: Called Strike
0-1: Called Strike
0-2: SINGLE (Line Drive, 9S)
Sergio Moreno to second
Runner from 2nd tries for 3rd, SAFE, throw made to third
Batting: LHB Guillermo Santos 0-0: Called Strike
0-1: Foul Ball, location: 2F
0-2: Foul Ball, location: 2F
0-2: Ball
1-2: Reached on error, E3 (Groundball, 34)
Sergio Moreno scores
Alex Whitehead to second
Batting: RHB Anastasio Movonda 0-0: Ball
1-0: Fly out, F8 (Flyball, 8RD)
Top of the 4th over - 4 run(s), 3 hit(s), 1 error(s), 2 left on base; Wilmington 11 - Newark 2
BOTTOM OF THE 4TH
Newark Bulldogs batting - Pitching for Wilmington Rebels : LHP Nathan Armstrong
Batting: RHB Norris Howard 0-0: Ball
1-0: SINGLE (Flyball, 9LS)
Batting: RHB Emílio Salas 0-0: Ball
1-0: Ball
2-0: SINGLE (Flyball, 89S)
Norris Howard to second
Batting: RHB Joe Baker 0-0: Called Strike
0-1: Swinging Strike
0-2: Foul Ball, location: 2F
0-2: Foul Ball, location: 2F
0-2: Foul Ball, location: 2F
0-2: Grounds into double play, 1-6-3 (Groundball, P)
Norris Howard to third
Batting: RHB Wilson Flores 0-0: Ball
1-0: Foul Ball, location: 2F
1-1: Ball
2-1: Ball
3-1: Ground out 1-3 (Groundball, 13)
Bottom of the 4th over - 0 run(s), 2 hit(s), 0 error(s), 1 left on base; Wilmington 11 - Newark 2
TOP OF THE 5TH
Wilmington Rebels batting - Pitching for Newark Bulldogs : RHP José Gonzáles
Batting: LHB Miguel Medellín 0-0: Called Strike
0-1: Called Strike
0-2: Ball
1-2: Hit by Pitch
Batting: LHB Seth Sullivan 0-0: Called Strike
Miguel Medellín steals 2nd base
0-1: Ball
1-1: Ball
2-1: Foul Ball, location: 2F
2-2: Foul Ball, location: 2F
2-2: Ball
3-2: Base on Balls
Batting: RHB Marlon Hernández 0-0: Ball
1-0: Foul Ball, location: 2F
1-1: Ball
2-1: SINGLE (Groundball, 6MD)
Miguel Medellín to third
Seth Sullivan to second
Batting: RHB Remi Eruzione 0-0: Called Strike
0-1: Ball
1-1: Swinging Strike
1-2: Foul Ball, location: 2F
1-2: Ball
2-2: Strikes out swinging
Batting: LHB Juan Vásquez 0-0: Fly out, F8 (Flyball, 78M)
Runner from 3rd tags up, SCORES, no throw
Batting: RHB Sergio Moreno 0-0: Called Strike
0-1: Ball
1-1: Ball
2-1: Foul Ball, location: 2F
2-2: Fly out, F7 (Flyball, 7)
Top of the 5th over - 1 run(s), 1 hit(s), 0 error(s), 2 left on base; Wilmington 12 - Newark 2
BOTTOM OF THE 5TH
Newark Bulldogs batting - Pitching for Wilmington Rebels : LHP Nathan Armstrong
Batting: RHB Larry Booth 0-0: Fly out, F4 (Popup, 34)
Batting: LHB Owen Moreno 0-0: Ball
1-0: Ball
2-0: Foul Ball, location: 2F
2-1: Fly out, F8 (Line Drive, 8RM)
Batting: LHB Wes Thompson 0-0: Ball
1-0: Fly out, F2 (Popup, 3S)
Bottom of the 5th over - 0 run(s), 0 hit(s), 0 error(s), 0 left on base; Wilmington 12 - Newark 2
TOP OF THE 6TH
Wilmington Rebels batting - Pitching for Newark Bulldogs : RHP José Gonzáles
Batting: RHB Alex Whitehead 0-0: Ball
1-0: Ball
2-0: Called Strike
2-1: Ball
3-1: SINGLE (Flyball, 9LS)
Batting: LHB Guillermo Santos 0-0: Called Strike
Alex Whitehead steals 2nd base
0-1: Foul Ball, location: 2F
0-2: Fly out, F9 (Flyball, 9S)
Batting: RHB Anastasio Movonda 0-0: Called Strike
0-1: Ball
1-1: Swinging Strike
1-2: SINGLE (Groundball, 34) (infield hit)
Alex Whitehead to third
Pitching: RHP Sam Mathis
Batting: LHB Miguel Medellín 0-0: Fly out, F2 (Popup, 15S)
Batting: LHB Seth Sullivan 0-0: Fly out, F8 (Flyball, 8LM)
Top of the 6th over - 0 run(s), 2 hit(s), 0 error(s), 2 left on base; Wilmington 12 - Newark 2
BOTTOM OF THE 6TH
Newark Bulldogs batting - Pitching for Wilmington Rebels : LHP Nathan Armstrong
Batting: RHB Michael Skinner 0-0: Ball
1-0: Called Strike
1-1: Ground out 1-3 (Groundball, 13S)
Batting: LHB Marvin Morris 0-0: Ball
1-0: Swinging Strike
1-1: Foul Ball, location: 2F
1-2: Strikes out swinging
Batting: RHB Norris Howard 0-0: Foul Ball, location: 2F
0-1: Ball
1-1: SINGLE (Flyball, 56D)
Pitching: LHP Miguel Valentín
Batting: RHB Emílio Salas 0-0: Fielders Choice at 2nd, 5-4 (Groundball, 56)
Bottom of the 6th over - 0 run(s), 1 hit(s), 0 error(s), 0 left on base; Wilmington 12 - Newark 2
TOP OF THE 7TH
Wilmington Rebels batting - Pitching for Newark Bulldogs : RHP Sam Mathis
Batting: RHB Marlon Hernández 0-0: Ball
1-0: Foul Ball, location: 2F
1-1: Called Strike
1-2: Strikes out looking
Batting: RHB Remi Eruzione 0-0: Foul Ball, location: 2F
0-1: Foul Ball, location: 2F
0-2: Ball
1-2: Foul Ball, location: 2F
1-2: Foul Ball, location: 2F
1-2: Strikes out swinging
Batting: LHB Juan Vásquez 0-0: Called Strike
0-1: Ball
1-1: Swinging Strike
1-2: Ground out U3 (Groundball, 3)
Top of the 7th over - 0 run(s), 0 hit(s), 0 error(s), 0 left on base; Wilmington 12 - Newark 2
BOTTOM OF THE 7TH
Newark Bulldogs batting - Pitching for Wilmington Rebels : LHP Miguel Valentín
Batting: RHB Joe Baker 0-0: Called Strike
0-1: Ground out 5-3 (Groundball, 56S)
Batting: RHB Wilson Flores 0-0: Ball
1-0: Ground out 5-3 (Groundball, 56)
Batting: RHB Larry Booth 0-0: Ball
1-0: Foul Ball, location: 2F
1-1: Called Strike
1-2: Ball
2-2: Ball
3-2: Foul Ball, location: 2F
3-2: Foul Ball, location: 2F
3-2: Base on Balls
Batting: LHB Owen Moreno 0-0: Called Strike
0-1: Fly out, F8 (Flyball, 8RM)
Bottom of the 7th over - 0 run(s), 0 hit(s), 0 error(s), 1 left on base; Wilmington 12 - Newark 2
TOP OF THE 8TH
Wilmington Rebels batting - Pitching for Newark Bulldogs : RHP Sam Mathis
Batting: RHB Sergio Moreno 0-0: Ball
1-0: Called Strike
1-1: Called Strike
1-2: Ball
2-2: SINGLE (Groundball, 56D)
Batting: RHB Alex Whitehead 0-0: Ball
1-0: Ball
2-0: Ball
3-0: Base on Balls
Sergio Moreno to second
Batting: LHB Guillermo Santos 0-0: Foul Ball, location: 2F
0-1: Ball
1-1: Ball
2-1: SINGLE (Line Drive, 4D)
Sergio Moreno to third
Alex Whitehead to second
Batting: RHB Anastasio Movonda 0-0: Ball
1-0: Foul Ball, location: 2F
1-1: Ball
2-1: Ground out 4-3 (Groundball, 4S)
Sergio Moreno scores
Alex Whitehead to third
Guillermo Santos to second
Batting: LHB Miguel Medellín 0-0: Called Strike
0-1: Ball
1-1: Ball
2-1: Swinging Strike
2-2: Strikes out looking
Batting: LHB Seth Sullivan 0-0: Called Strike
0-1: Swinging Strike
0-2: Fly out, F6 (Popup, 6MD)
Top of the 8th over - 1 run(s), 2 hit(s), 0 error(s), 2 left on base; Wilmington 13 - Newark 2
BOTTOM OF THE 8TH
Newark Bulldogs batting - Pitching for Wilmington Rebels : LHP Miguel Valentín
Batting: LHB Wes Thompson 0-0: Swinging Strike
0-1: Ball
1-1: Foul Ball, location: 2F
1-2: Ball
2-2: Foul Ball, location: 2F
2-2: Foul Ball, location: 2F
2-2: Foul Ball, location: 2F
2-2: SINGLE (Groundball, 6MD)
Batting: RHB Michael Skinner 0-0: Called Strike
0-1: Swinging Strike
0-2: Ball
1-2: SINGLE (Groundball, 34D)
Wes Thompson to second
Batting: LHB Marvin Morris 0-0: Ball
1-0: Ball
2-0: Ball
3-0: Called Strike
3-1: Called Strike
3-2: Foul Ball, location: 2F
3-2: Base on Balls
Wes Thompson to third
Michael Skinner to second
Batting: RHB Norris Howard 0-0: Called Strike
0-1: SINGLE (Groundball, 3S) (infield hit)
Wes Thompson scores
Michael Skinner to third
Marvin Morris to second
Batting: RHB Emílio Salas 0-0: Ball
1-0: Called Strike
1-1: Foul Ball, location: 2F
1-2: Ball
2-2: GRAND SLAM HOME RUN (Flyball, 7D), Distance : 371 ft
Pitching: RHP Edgar Martínez
Batting: RHB Joe Baker 0-0: Swinging Strike
0-1: Fly out, F4 (Line Drive, 4)
Batting: RHB Wilson Flores 0-0: Ball
1-0: Ball
2-0: Called Strike
2-1: Called Strike
2-2: Ball
3-2: Base on Balls
Batting: RHB Larry Booth 0-0: Foul Ball, location: 2F
0-1: TRIPLE (Line Drive, 7LS)
Wilson Flores scores
Batting: LHB Owen Moreno 0-0: Fly out, F8 (Flyball, 8RD)
Runner from 3rd tags up, SCORES, no throw
Batting: LHB Wes Thompson 0-0: Foul Ball, location: 2F
0-1: Foul Ball, location: 2F
0-2: Strikes out looking
Bottom of the 8th over - 7 run(s), 5 hit(s), 0 error(s), 0 left on base; Wilmington 13 - Newark 9
TOP OF THE 9TH
Wilmington Rebels batting - Pitching for Newark Bulldogs : RHP Sam Mathis
Batting: RHB Marlon Hernández 0-0: Ball
1-0: Ball
2-0: Ball
3-0: Base on Balls
Batting: RHB Remi Eruzione 0-0: Fielders Choice at 2nd, 5-4 (Groundball, 5)
Batting: LHB Juan Vásquez 0-0: Called Strike
Remi Eruzione steals 2nd base
0-1: Ball
Remi Eruzione steals 3rd base
1-1: Fly out, F6 (Line Drive, 6D)
Batting: RHB Sergio Moreno 0-0: Ball
1-0: 2-RUN HOME RUN (Flyball, 8LXD) (Inside the Park)
Pitching: LHP Josh Wall
Batting: RHB Alex Whitehead 0-0: Ball
1-0: Ball
2-0: Ball
3-0: Base on Balls
Batting: LHB Guillermo Santos 0-0: Called Strike
0-1: Ball
1-1: TRIPLE (Flyball, 89D)
Alex Whitehead scores
Batting: RHB Anastasio Movonda 0-0: Ball
1-0: Ball
2-0: Foul Ball, location: 2F
2-1: Foul Ball, location: 2F
2-2: Ball
3-2: Ground out 6-3 (Groundball, 6)
Top of the 9th over - 3 run(s), 2 hit(s), 0 error(s), 1 left on base; Wilmington 16 - Newark 9
BOTTOM OF THE 9TH
Newark Bulldogs batting - Pitching for Wilmington Rebels : RHP Edgar Martínez
Now at 1B: Ivan Costello
Batting: RHB Michael Skinner 0-0: Ball
1-0: Fly out, F8 (Flyball, 8LM)
Batting: LHB Marvin Morris 0-0: Called Strike
0-1: Ball
1-1: Swinging Strike
1-2: Ball
2-2: Ball
3-2: Foul Ball, location: 2F
3-2: Base on Balls
Batting: RHB Norris Howard 0-0: Fly out, F6 (Line Drive, 6M)
Pinch Hitting: RHB Gabriel Villegas 0-0: Foul Ball, location: 2F
0-1: Called Strike
0-2: Strikes out swinging
Bottom of the 9th over - 0 run(s), 0 hit(s), 0 error(s), 1 left on base; Wilmington 16 - Newark 9
Tuesday, August 8th, 2017 - OOTP Baseball 17.12 Build 75